 Dungeon Crawl Stone Soup version 0.23-a0-449-g8e4cbf7 (webtiles) character file.

231 Plonker the Chopper (level 6, -2/47 HPs)
             Began as a Formicid Abyssal Knight on Nov 21, 2018.
             Was a Believer of Lugonu.
             Slain by an iguana (7 damage)
             ... on level 4 of the Dungeon.
             The game lasted 00:12:00 (4523 turns).

Plonker the Chopper (Formicid Abyssal Knight)       Turns: 4523, Time: 00:12:01

Health: -2/47      AC: 13    Str: 18      XL:     6   Next: 24%
Magic:  17/17      EV:  2    Int: 12      God:    Lugonu [**....]
Gold:   247        SH: 11    Dex:  8 (10) Spells: 5/5 levels left

rFire    . . .     SeeInvis +   a - +1 hand axe
rCold    . . .     Gourm    .   l - +0 large shield
rNeg     . . .     Faith    .   w - +0 chain mail
rPois    .         Spirit   .   (helmet unavailable)
rElec    .         Reflect  .   B - +2 cloak
rCorr    .         Harm     .   D - +0 pair of gloves
MR       .....                  (no boots)
Stlth    ..........             e - amulet of the acrobat
HPRegen  0.15/turn              t - ring of magical power
MPRegen  0.15/turn              (no ring)

@: drained
A: permanent stasis, dig shafts and tunnels, four strong arms, antennae 3
a: Dig, Shaft Self, Depart the Abyss, Bend Space, Renounce Religion


You were on level 4 of the Dungeon.
You worshipped Lugonu.
Lugonu was pleased with you.
You were hungry.

You visited 1 branch of the dungeon, and saw 4 of its levels.
You visited the Abyss 1 time.

You collected 247 gold pieces.

Inventory:

Hand Weapons
 a - a +1 hand axe (weapon)
 h - a cursed -1 hunting sling
 C - a +0 trident
Missiles
 d - 64 sling bullets
 k - 43 stones (quivered)
 A - 3 tomahawks
Armour
 b - a +0 leather armour
 l - a +0 large shield (worn)
 w - a +0 chain mail (worn)
 z - a +2 robe of magic resistance
 B - a +2 cloak (worn)
 D - a +0 pair of gloves (worn)
Jewellery
 e - an amulet of the acrobat (around neck)
 t - a ring of magical power (left hand)
Wands
 n - a wand of flame (11)
Scrolls
 m - a scroll of fog {unknown}
 p - a scroll of noise {unknown}
 q - a scroll of teleportation {unknown}
 s - a scroll of remove curse {unknown}
 v - 2 scrolls of immolation {unknown}
 y - a scroll of identify {unknown}
Potions
 f - a potion of mutation {unknown}
 i - 2 potions of agility {unknown}
 o - a potion of heal wounds {unknown}
 r - a potion of brilliance {unknown}
 E - 2 potions of curing {unknown}
Comestibles
 c - 3 rations


   Skills:
 - Level 3.2(3.0) Fighting
 + Level 4.7(4.5) Axes
 + Level 3.7(3.4) Armour
 - Level 0.8(0.6) Dodging
 + Level 1.1(0.9) Shields
 * Level 3.3(3.1) Invocations


You had 5 spell levels left.
You didn't know any spells.
Your spell library was empty.

Dungeon Overview and Level Annotations

Branches:
Dungeon (4/15)             Temple (0/1) D:4

Altars:
Makhleb
Nemelex Xobeh

Annotations:
D:2 exclusion: downstairs


Innate Abilities, Weirdness & Mutations

You cannot be hasted, slowed, berserked, paralysed or teleported.
You can dig through walls and to a lower floor.
Your four strong arms can wield two-handed weapons with a shield.
You have a pair of large antennae on your head. (SInv)


Message History

You block the orc's attack.
The iguana bites you but does no damage.
You are confused.
You feel invigorated. The orc hits you but does no damage.
The iguana bites you but does no damage.
You hit the iguana but do no damage.
The iguana is almost dead.
The iguana bites you.
* * * LOW HITPOINT WARNING * * *
The orc hits you but does no damage.
You bump into the rock wall.
You feel less invigorated.
You feel less confused.
The iguana bites you but does no damage.
The orc hits you from afar with a +0 trident.
* * * LOW HITPOINT WARNING * * *
Your shield and chain mail prevent you from hitting the iguana.
The iguana is almost dead.
You block the iguana's attack. You block the orc's attack.
The iguana bites you!
You die...

*.#∩+≈≈≈≈≈≈* ##.#≈+≈≈≈≈≈≈*
####..#≈*##≈≈**+ #.....###.###*,,
***** #............,,, ,,,,*
#.........$..>,, **#,**
###............,,, #.,* #####
#.lo...........,,, *##.**
#...####@#............,,,
**....###...##...#..o....?....,,,
*,.............###............,,,
,,..........######............,,*
,,.....).<..#**...............***
,,..........#*.>.............<,,,
,,............................,,,
,,..........#..#..............,,,
,,..........#..........?......,,,


You could see an iguana and an orc.

Vanquished Creatures
  Jessica (D:3)
  Natasha (twice) (D:2)
  A worker ant (D:3)
  3 adders
  An ooze (D:3)
  An adder skeleton (D:4)
  A worm (D:4)
  4 dart slugs
  6 leopard geckos (D:3)
  4 orcs
  4 giant cockroaches
  16 goblins
  6 hobgoblins
  3 jackals (D:1)
  4 kobolds
  A quokka (D:3)
  2 ball pythons
  A ball python skeleton (D:4)
  6 bats
  3 frilled lizards
  6 rats
76 creatures vanquished.

Notes
Turn   | Place    | Note
-------+----------+-------------------------------------------
     0 | Abyss:1  | Plonker the Formicid Abyssal Knight began the quest for the
                  | Orb.
     0 | Abyss:1  | Reached XP level 1. HP: 18/18 MP: 2/2
    43 | Abyss:1  | Found a corrupted altar of Lugonu.
    52 | Abyss:1  | Noticed a storm dragon skeleton
    58 | Abyss:1  | Noticed a demonic crawler
    81 | D:1      | Escaped the Abyss
   222 | D:1      | Reached * piety under Lugonu
   245 | D:1      | Reached XP level 2. HP: 24/24 MP: 3/3
   760 | D:1      | Reached XP level 3. HP: 29/29 MP: 4/4
  1165 | D:2      | Found a burning altar of Makhleb.
  1338 | D:2      | Noticed Natasha
  1346 | D:2      | Killed Natasha
  1346 | D:2      | Reached skill level 3 in Axes
  1346 | D:2      | Reached XP level 4. HP: 19/35 MP: 6/6
  2113 | D:2      | Noticed Natasha
  2136 | D:2      | Killed Natasha
  2136 | D:2      | Reached XP level 5. HP: 15/41 MP: 7/7
  2426 | D:2      | Reached skill level 4 in Axes
  2837 | D:3      | Noticed Jessica
  2978 | D:3      | Found a sparkling altar of Nemelex Xobeh.
  3005 | D:3      | HP: 2/41 [poisoned by an adder]
  3013 | D:3      | HP: 1/41 [poisoned by an adder]
  3604 | D:3      | Killed Jessica
  3745 | D:3      | Found a faded altar of an unknown god.
  3818 | D:3      | Reached ** piety under Lugonu
  3941 | D:3      | Reached XP level 6. HP: 46/47 MP: 8/8
  4240 | D:3      | Reached skill level 1 in Shields
  4518 | D:4      | HP: 2/47 [iguana (10)]
  4523 | D:4      | Slain by an iguana

Vault maps used:
D:1:      eino_arrival_water_star, chequers_serial_rivers_micro_c
D:2:      bloody_makhleb, minivault_4, uniq_natasha
D:3:      cheibrodos_greedy_goblins, overflow_temple_1_default,
          chequers_ecumenical_altar_simple_redux, first_ration, uniq_jessica
D:4:      kennysheep_little_box, temple_statues, gup_sewer_entry_bowl,
          serial_shops, shop, uniq_robin, uniq_eustachio

Skill      XL: |  1  2  3  4  5  6 |
---------------+-------------------+-----
Armour         | 3 |  3.7
Axes           | 3 4 |  4.7
Invocations    | 3 |  3.3
Shields        | 1 |  1.1
Fighting       | |  3.2
Dodging        | |  0.8

Action                   |  1- 3 |  4- 6 || total
-------------------------+-------+-------++-------
Melee: Hand axe          |    73 |   282 ||   355
Throw: Stone             |       |     5 ||     5
Invok: Depart the Abyss  |     1 |       ||     1
  Use: Potion            |       |     3 ||     3
       Scroll            |       |     2 ||     2
  Eat: Chunk             |     1 |     7 ||     8
       Ration            |       |     1 ||     1
Armor: Leather armour    |    11 |    34 ||    45
       Chain mail        |       |    89 ||    89
Dodge: Dodged            |    38 |    84 ||   122
Block: Large shield      |       |   134 ||   134

Table legend:
 A = Non-vault XP
 B = Vault XP
 C = Vault XP percentage of total XP
 D = Non-vault monster count
 E = Vault monster count
 F = Vault count percentage of total count
                 A         B        C        D         E       F
            +---------+---------+-------+---------+---------+-------
      Total |     237 |      93 |  28.2 |      63 |      13 |  17.1
            +---------+---------+-------+---------+---------+-------
        D:1 |      46 |       0 |   0.0 |      24 |       0 |   0.0
        D:2 |      82 |      35 |  29.9 |      12 |       1 |   7.7
        D:3 |      98 |      58 |  37.2 |      24 |      12 |  33.3
        D:4 |      11 |       0 |   0.0 |       3 |       0 |   0.0
            +---------+---------+-------+---------+---------+-------
